 Dungeon Crawl Stone Soup version 0.13.2 (webtiles) character file.

225 Deathtrap2010 the Fey Minotaur (level 4, 0/37 HPs)
             Began as a Minotaur Death Knight on June 16, 2017.
             Was a Believer of Yredelemnul.
             Slain by an orc priest
             ... wielding a +2,+2 orcish hand axe
              (4 damage)
             ... on Level 3 of the Dungeon.
             The game lasted 00:07:15 (1393 turns).

Deathtrap2010 the Fey Minotaur (MiDK)               Turns: 1393, Time: 00:07:16

HP   0/37        AC  6     Str 21      XL: 4   Next: 68%
MP   5/5         EV 10     Int  8      God: Yredelemnul [**....]
Gold 110         SH  0     Dex 10      Spells:  0 memorised,  3 levels left

Res.Fire  : . . .   See Invis. : .   a - +1 hand axe {=f}
Res.Cold  : . . .   Warding    : .   e - +1 ring mail
Life Prot.: . . .   Conserve   : .   (no shield)
Res.Poison: .       Res.Corr.  : .   (helmet restricted)
Res.Elec. : .       Clarity    : .   (no cloak)
Sust.Abil.: . .     Spirit.Shd : .   (no gloves)
Res.Mut.  : .       Stasis     : .   (no boots)
Res.Rott. : .       Flight     : .   (no amulet)
Saprovore : . . .                    (no ring)
                                     h - +3 ring of strength

@: slightly resistant to hostile enchantments, extremely unstealthy
A: retaliatory headbutt, horns 2
a: Animate Remains, Recall Undead Slaves, Injury Mirror, Renounce Religion


You were on level 3 of the Dungeon.
You worshipped Yredelemnul.
Yredelemnul was pleased with you.
You were not hungry.

You visited 1 branch of the dungeon, and saw 3 of its levels.

You collected 90 gold pieces.

Inventory:

Hand weapons
 a - a +1,+1 hand axe (weapon) {=f}
Armour
 e - a +1 ring mail (worn)
Comestibles
 b - 2 meat rations
 c - 4 bread rations
Jewellery
 h - a +3 ring of strength (left hand)


   Skills:
 + Level 3.2 Fighting
 + Level 2.8 Axes
 + Level 3.1 Armour
 + Level 2.1 Dodging
 + Level 3.6 Invocations


You had 3 spell levels left.
You didn't know any spells.

Dungeon Overview and Level Annotations

Branches:
Dungeon (3/27)

Altars:
Cheibriados


Innate Abilities, Weirdness & Mutations

You reflexively headbutt those who attack you in melee.
You have a pair of horns on your head.


Message History

The orc priest hits you but does no damage.
The giant newt hisses menacingly.
Drink which item? (? for menu, Esc to quit)
You feel better.
You hear some strange, mumbled words.
Something tries to affect you, but you resist.
The orc priest calls down the wrath of Beogh upon you.
Pain shoots through your body!
* * * LOW HITPOINT WARNING * * *
The orc wizard gestures wildly while chanting.
The orc wizard blinks!
You hit the orc priest.
The orc priest is heavily wounded.
You hit it but do no damage.
You hear some strange, mumbled words.
The puff of flame hits you!
* * * LOW HITPOINT WARNING * * *
The orc priest hits you with an orcish hand axe.
You die...
Your body rises from the dead as a mindless zombie.

. #####+ . #. #.....
#...##.#####..##
...............#
#.#......)...#.#
#......<...#.##..#.
#.....l(.o.........
.#....(...>.#.##..#.
....ยง..o@...........
.#......%)..#.###.#
#.....(....#.#
###......%.# #
#..###.#........ #..
#.#....... ##.
#.#....... ....
#.#....... .....
#.##......


You could see an orc priest, an orc wizard and a giant newt.

Vanquished Creatures
  Ijyb (D:2)
  5 adders
  A worm zombie (D:3)
  2 giant geckos (D:3)
  An ooze (D:1)
  An orc (D:3)
  5 giant cockroaches
  7 goblins
  6 hobgoblins
  A ball python (D:1)
  3 giant newts
  6 kobolds
  4 rats
43 creatures vanquished.

Notes
Turn   | Place    | Note
--------------------------------------------------------------
     0 | D:1      | Deathtrap2010, the Minotaur Death Knight, began the quest for the Orb.
     0 | D:1      | Reached XP level 1. HP: 17/17 MP: 2/2
    64 | D:1      | Reached skill level 3 in Invocations
   147 | D:1      | Reached XP level 2. HP: 14/24 MP: 3/3
   782 | D:2      | Reached XP level 3. HP: 15/29 MP: 4/4
   886 | D:2      | Acquired Yredelemnul's second power
  1014 | D:2      | Noticed Ijyb
  1029 | D:2      | Killed Ijyb
  1066 | D:2      | Found a snail-covered altar of Cheibriados.
  1137 | D:2      | Reached XP level 4. HP: 34/37 MP: 5/5
  1393 | D:3      | Slain by an orc priest

Action                   |  1- 3 |  4- 6 || total
-------------------------+-------+-------++-------
Melee: Hand axe          |    86 |    31 ||   117
Invok: Animate Remains   |       |     1 ||     1
  Use: Potion            |     4 |     2 ||     6
       Scroll            |     7 |     3 ||    10
